 Dungeon Crawl Stone Soup version 0.25-a0-458-g6fc7858b95 (webtiles) character file.

Game seed: 12388117881903033377, levelgen mode: deterministic

158 Error4North the Skirmisher (level 5, 0/47 HPs)
             Began as a Hill Orc Fighter on Feb 2, 2020.
             Slain by an orc wizard
             ... wielding a +0 dagger
              (4 damage)
             ... on level 4 of the Dungeon.
             The game lasted 00:04:37 (1003 turns).

Error4North the Skirmisher (Hill Orc Fighter)       Turns: 1003, Time: 00:04:38

Health: 0/47       AC:  8    Str: 20      XL:     5   Next: 39%
Magic:  5/5        EV:  7    Int:  8      God:
Gold:   67         SH:  9    Dex:  8 (10) Spells: 4/4 levels left

rFire    . . .     SeeInvis .   a - +0 war axe
rCold    . . .     Gourm    .   c - +0 shield
rNeg     . . .     Faith    .   b - +0 scale mail
rPois    .         Spirit   .   (no helmet)
rElec    .         Reflect  .   (no cloak)
rCorr    .         Harm     .   (no gloves)
MR       .....                  m - +0 pair of boots
Stlth    ..........             (no amulet)
HPRegen  0.15/turn              (no ring)
MPRegen  0.09/turn              (no ring)

@: no status effects
A: no striking features
a: no special abilities


You were on level 4 of the Dungeon.
You were not hungry.

You visited 1 branch of the dungeon, and saw 3 of its levels.

You collected 67 gold pieces.

Inventory:

Hand Weapons
 a - a +0 war axe (weapon)
Armour
 b - a +0 scale mail (worn)
 c - a +0 shield (worn)
 m - a +0 pair of boots (worn)
Jewellery
 l - a +4 ring of dexterity {unknown}
Scrolls
 e - a scroll of blinking {unknown}
 h - a scroll of remove curse {unknown}
 n - 4 scrolls of teleportation {unknown}
 o - a scroll of enchant weapon {unknown}
 p - a scroll of enchant armour {unknown}
 q - 2 scrolls of identify {unknown}
 s - a scroll of amnesia {unknown}
Potions
 d - a potion of might
 j - a potion of lignification
Comestibles
 f - a ration


   Skills:
 + Level 4.4 Fighting
 + Level 4.4 Axes
 * Level 4.2 Armour
 + Level 0.6 Dodging
 * Level 4.3 Shields


You had 4 spell levels left.
You didn't know any spells.
Your spell library was empty.

Dungeon Overview and Level Annotations

Branches:
Dungeon (2/15)

Altars:


Message History

You hit something but do no damage. Something hits you but does no damage.
Something hits you but does no damage.
You see here a scroll labeled LAEXTE FOST.
e - a scroll labeled LAEXTE FOST You hear some strange, mumbled words.
A magic dart appears from out of thin air!
The magic dart hits you.
* * * LOW HITPOINT WARNING * * *
You miss something.
You hear some strange, mumbled words.
Something tries to affect you, but you resist.
Something hits you but does no damage.
Things that are here:
a +0 whip; a dagger; a gnoll corpse You miss something.
Something hits you but does no damage. x2
You barely miss something. Something hits you but does no damage.
You miss something. Something hits you but does no damage.
You closely miss something. Something hits you but does no damage.
Something hits you.
You die...

##+## ########
##...###+####......##
#.....#..........#........#
.....#....@{....'...#....##
#....####'###.###.###.....#
.##....##...###+#######..####
.......#..................#
.......#..................##
.......##'###..####.##.....#
...o..............#.##..####
.#.......#.......#.......#
...o.#......#............#


There were no monsters in sight!

Vanquished Creatures
  A phantom (D:4)
  A worker ant (D:4)
  A gnoll (D:4)
  A dart slug (D:1)
  An orc (D:4)
  3 giant cockroaches
  3 goblins (D:1)
  2 hobgoblins (D:1)
  3 jackals (D:1)
  4 kobolds (D:1)
  2 bats (D:1)
  A frilled lizard (D:1)
  5 rats (D:1)
28 creatures vanquished.

Notes
Turn   | Place    | Note
-------+----------+-------------------------------------------
     0 | D:1      | Error4North the Hill Orc Fighter began the quest for the
                  | Orb.
     0 | D:1      | Reached XP level 1. HP: 19/19 MP: 1/1
   199 | D:1      | Reached XP level 2. HP: 24/27 MP: 2/2
   550 | D:1      | Reached XP level 3. HP: 33/33 MP: 3/3
   657 | D:2      | You fall into a shaft and drop 2 floors!
   658 | D:4      | Noticed a phantom
   734 | D:4      | HP: 1/49 [worker ant (4)]
   760 | D:4      | Killed a phantom
   760 | D:4      | Reached XP level 4. HP: 18/41 MP: 4/4
   760 | D:4      | Reached XP level 5. HP: 21/47 MP: 5/5
  1003 | D:4      | Slain by an orc wizard

Levels and vault maps discovered:
D:1:      lightli_arrival_boilingwater, layout_loops_cross
D:2:      layout_loops_cross, nemelex_xobeh_ov_fountains_minmay,
          lemuel_crystal_altar
D:4:      layout_gridville, minmay_increasing_density

Skill      XL: |  1  2  3 |
---------------+----------+-----
Axes           | 3 4 |  4.4
Fighting       | 4 |  4.4
Armour         | 4 |  4.2
Shields        | 4 |  4.3
Dodging        | |  0.6

Action                   |  1- 3 |  4- 6 || total
-------------------------+-------+-------++-------
Melee: War axe           |   113 |    18 ||   131
  Use: Potion            |     6 |       ||     6
  Eat: Ration            |       |     1 ||     1
Armor: Scale mail        |    41 |    14 ||    55
       Skin              |    19 |       ||    19
Dodge: Dodged            |    29 |     9 ||    38
Block: Shield            |    63 |     4 ||    67

Table legend:
 A = Non-vault XP
 B = Vault XP
 C = Vault XP percentage of total XP
 D = Non-vault monster count
 E = Vault monster count
 F = Vault count percentage of total count
                 A         B        C        D         E       F
            +---------+---------+-------+---------+---------+-------
      Total |      79 |     147 |  65.0 |      25 |       3 |  10.7
            +---------+---------+-------+---------+---------+-------
        D:1 |      39 |       0 |   0.0 |      23 |       0 |   0.0
        D:4 |      40 |     147 |  78.6 |       2 |       3 |  60.0
            +---------+---------+-------+---------+---------+-------
